 Dungeon Crawl Stone Soup version 0.27.0-1-g7a089689b8 (webtiles) character file.

Game seed: 6651728957320814751

18 inmateoo the Magician (level 2, 0/15 HPs)
             Began as a Vine Stalker Hedge Wizard on Aug 1, 2021.
             Slain by a gnoll (4 damage)
             ... on level 2 of the Dungeon.
             The game lasted 00:01:38 (1165 turns).

inmateoo the Magician (Vine Stalker Hedge Wizard)   Turns: 1165, Time: 00:01:38

Health: 0/15       AC:  3    Str: 12    XL:     2   Next: 70%
Magic:  0/7        EV: 12    Int: 14    God:
Gold:   19         SH:  0    Dex: 13    Spells: 4/7 levels left

rFire    . . .     SeeInvis .   a - +0 dagger
rCold    . . .     Faith    .   (no shield)
rNeg     . . .     Spirit   +   b - +0 robe
rPois    .         Reflect  .   c - +1 hat
rElec    .         Harm     .   (no cloak)
rCorr    .         Rampage  .   (no gloves)
Will     .....                  (no boots)
Stlth    ++........             (no amulet)
HPRegen  0.05/turn              (no ring)
MPRegen  0.10/turn              (no ring)

@: very slightly contaminated, hasted and slowed
A: fangs 2, magic shield, antimagic bite, no potion heal 2
a: no special abilities


You were on level 2 of the Dungeon.
You visited 1 branch of the dungeon, and saw 2 of its levels.

You collected 19 gold pieces.

Inventory:

Hand Weapons
 a - a +0 dagger (weapon)
Armour
 b - a +0 robe (worn)
 c - a +1 hat (worn)
Jewellery
 i - a ring of see invisible
Potions
 d - a potion of flight
 f - a potion of attraction {unknown}


   Skills:
 + Level 2.0 Fighting
 - Level 1.5 Dodging
 - Level 2.4 Stealth
 - Level 3.2 Spellcasting
 - Level 1.0 Conjurations
 - Level 1.0 Summonings
 - Level 1.0 Translocations


You had 4 spell levels left.
You knew the following spells:

 Your Spells              Type           Power      Damage    Failure   Level
a - Magic Dart            Conj           20%        1d4       14%         1
b - Blink                 Tloc           N/A        N/A       22%         2

Your spell library contained the following spells:

 Spells                   Type           Power      Damage    Failure   Level
 Call Imp                 Summ           5%         N/A       22%         2
 Slow                     Hex            2%         N/A       32%         2
 Conjure Flame            Conj/Fire      3%         6-21      45%         3
 Mephitic Cloud           Conj/Pois/Air  3%         N/A       50%         3


Dungeon Overview and Level Annotations

Branches:
Dungeon (2/15)

Altars:

Annotations:
D:2 Natasha


Innate Abilities, Weirdness & Mutations

You have extremely sharp teeth.
When hurt, damage is shared between your health and your magic reserves.
Your bite disrupts and absorbs the magic of your enemies.
Potions cannot restore your health.


Message History

Aiming: Magic Dart (safe; 14% risk of failure)
Press: ? - help, Q - select action, (/) - cycle Shift-Dir - straight line, f/p - Natasha
Aim: Natasha (heavily wounded, 100% to hit)
The magic dart hits Natasha but does no damage.
Natasha is heavily wounded.
Natasha claws you. Natasha claws you but does no damage.
Aiming: Magic Dart (safe; 14% risk of failure)
Press: ? - help, Q - select action, (/) - cycle Shift-Dir - straight line, f/p - Natasha
Aim: Natasha (heavily wounded, 100% to hit)
The magic dart hits Natasha.
Natasha is severely wounded.
The gnoll misses you. Natasha barely misses you. The gnoll misses you.
Aiming: Magic Dart (safe; 14% risk of failure)
Press: ? - help, Q - select action, (/) - cycle Shift-Dir - straight line, f/p - Natasha
Aim: Natasha (severely wounded, 100% to hit)
You miscast Magic Dart.
You are very lightly contaminated with residual magic.
Nothing appears to happen.
Natasha closely misses you.
The crimson imp blinks!
The gnoll closely misses you.
Natasha stares at you and mumbles some strange words.
The magic dart hits you.
You closely miss Natasha. Your bite misses Natasha.
Natasha is severely wounded.
The gnoll closely misses you.
Natasha stares at you and mumbles some strange words.
You feel as though you will be slow longer.
The gnoll barely misses you.
Unknown command.
You hit Natasha but do no damage. You bite Natasha.
Natasha's magic leaks into the air.
You drain her magic.
You feel invigorated.
Natasha is severely wounded.
Natasha mumbles some strange words.
You feel troubled. Natasha claws you.
The crimson imp blinks!
The gnoll hits you with a +0 club.
* * * LOW HITPOINT WARNING * * *
Natasha misses you.
Unknown command.
You feel yourself speed up. The gnoll hits you with a +0 club.
You die...

##.###.#####.# #.....<)
#.#.......##.# .#
###...b. .###......##.#
.# #..... #.#.##....##.#
..# ##.###
#..###.......# ..# #.#
.............# ...# #..
.....#..#..#.#####...#.#
####
.....#....>.....!.....?.
...).#.#.......5@g§†....
......###..#.....h......
.....#.#......####...#.#
...........##.# ...# .
#######......... ...#
#.###.####. ..# #.# #.#
..# #.# .# .# #. ..


You could see Natasha, a gnoll and a crimson imp (summoned).

Vanquished Creatures
  A dart slug (D:1)
  2 bats (D:1)
  A giant cockroach (D:2)
  2 hobgoblins (D:1)
  A quokka (D:1)
  2 ball pythons (D:1)
  4 goblins
  A kobold (D:1)
  2 rats
16 creatures vanquished.

Notes
Turn   | Place    | Note
-------+----------+-------------------------------------------
     0 | D:1      | inmateoo the Vine Stalker Hedge Wizard began the quest for
                  | the Orb.
     0 | D:1      | Reached XP level 1. HP: 9/9 MP: 5/5
   316 | D:1      | Reached skill level 1 in Fighting
   535 | D:1      | Reached XP level 2. HP: 14/14 MP: 4/7
   678 | D:1      | Learned a level 2 spell: Blink
  1153 | D:2      | Noticed Natasha
  1156 | D:2      | Noticed a crimson imp
  1165 | D:2      | Slain by a gnoll

Illustrated notes

Levels and vault maps discovered:
D:1:      dpeg_arrival_pits, layout_loops_ring, minmay_tetromino_t2
D:2:      layout_loops_cross, minmay_tree_intersection, uniq_natasha

Skill      XL: |  1  2 |
---------------+-------+-----
Fighting       | 1 2 |  2.0
Dodging        | |  1.5
Stealth        | |  2.4
Spellcasting   | |  3.2
Conjurations   | |  1.0
Summonings     | |  1.0
Translocations | |  1.0

Action                   || total
-------------------------++-------
Melee: Dagger            ||    20
       Bite              ||     2
 Cast: Magic Dart        ||    38
  Use: Scroll            ||     6
       Potion            ||     1
 Stab: Sleeping          ||     1
Armor: Robe              ||    15
Dodge: Dodged            ||    47
